 Dungeon Crawl Stone Soup version 0.22-a0-565-gfc6459a (webtiles) character file.

238 Amnesiac the Bolt Thrower (level 5, -3/25 HPs)
             Began as a Spriggan Wanderer on June 28, 2018.
             Slain by a gnoll
             ... wielding a cursed -2 club
              (6 damage)
             ... on level 2 of the Dungeon.
             The game lasted 00:03:51 (2137 turns).

Amnesiac the Bolt Thrower (Spriggan Wanderer)       Turns: 2137, Time: 00:03:51

Health: -3/25      AC:  4    Str: 12    XL:     5   Next: 78%
Magic:  6/6        EV: 19    Int: 11    God:
Gold:   98         SH:  0    Dex: 15    Spells: 4/4 levels left

rFire    + . .     SeeInvis +   a - +3 mace (venom)
rCold    . . .     Gourm    .   (shield restricted)
rNeg     . . .     Faith    .   i - +2 robe {rF+}
rPois    .         Spirit   .   (helmet restricted)
rElec    .         Reflect  .   (no cloak)
rCorr    .         Harm     .   (gloves unavailable)
MR       .....                  (boots unavailable)
Stlth    ++........             (no amulet)
HPRegen  0.08/turn              (no ring)
MPRegen  0.10/turn              (no ring)

@: very quick
A: very small, unfitting armour, see invisible, herbivore, speed 3, slow
metabolism 2
a: no special abilities


You were on level 2 of the Dungeon.
You were not hungry.

You visited 1 branch of the dungeon, and saw 3 of its levels.

You collected 98 gold pieces.

Inventory:

Hand Weapons
 a - a +3 mace of venom (weapon)
 b - a +0 hand crossbow
Missiles
 e - 22 bolts
Armour
 i - a +2 robe of fire resistance (worn)
Scrolls
 d - 2 scrolls of teleportation {!r}
 g - 3 scrolls of identify {!r, unknown}
Comestibles
 f - 3 rations


   Skills:
 - Level 1.5 Fighting
   Level 1.0 Axes
 + Level 6.1 Crossbows
 - Level 4.4 Dodging
 - Level 1.5 Stealth
   Level 1.0 Shields


You had 4 spell levels left.
You didn't know any spells.
Your spell library was empty.

Dungeon Overview and Level Annotations

Branches:
Dungeon (3/15)

Altars:
The Shining One


Innate Abilities, Weirdness & Mutations

You are very small and have problems with some larger weapons.
You are too small for most types of armour.
You have supernaturally acute eyesight. (SInv)
You are a herbivore.
You cover ground extremely quickly.
You need to consume almost no food.


Message History

You found a teleport trap!
A bat comes into view.
A bat is nearby!
A bat is nearby!
The helpless bat fails to defend itself.
You thump the bat!
You kill the bat!
No target in view!
No target in view!
Done exploring.
No target in view!
Done exploring.
No target in view!
Done exploring.
You see here a bat corpse.
Really walk into that teleport trap?
You enter a teleport trap!
The teleport trap disappears.
Your surroundings flicker for a moment.
Done exploring.
Done exploring.
Done exploring.
Done exploring.
Done exploring.
You see here a shield.
Things that are here:
a club; a dagger
There is a stone staircase leading down here.
You climb downwards. 4 gnolls come into view.
The gnoll shouts! x2
There is a stone staircase leading up here.
The gnoll shouts!
The gnoll hits you with a flail!
You climb upwards.
There is a stone staircase leading down here.
You hit the gnoll.
The gnoll is poisoned.
The gnoll is lightly wounded.
The gnoll hits you but does no damage. The gnoll closely misses you. x2
The gnoll hits you with a flail.
* * * LOW HITPOINT WARNING * * *
You hit the gnoll.
The gnoll looks as sick as possible!
The gnoll is moderately wounded.
The gnoll hits you with a club.
* * * LOW HITPOINT WARNING * * *
The gnoll misses you.
You aren't carrying any potions.
Okay, then.
Really read
j - a scroll labeled PUFOHY SISYS {!r}?
As you read the scroll labeled PUFOHY SISYS {!r}, it crumbles to dust.
You hear a loud clanging noise!
It was a scroll of noise {!r}.
The gnoll hits you but does no damage. The gnoll closely misses you.
Really read
h - a scroll labeled NUOSEQ ZIUSUI {!r}?
As you read the scroll labeled NUOSEQ ZIUSUI {!r}, it crumbles to dust.
You feel momentarily disoriented.
It was a scroll of magic mapping {!r}.
The gnoll hits you with a club.
* * * LOW HITPOINT WARNING * * *
You hit the gnoll.
The gnoll looks as sick as possible!
The gnoll is almost dead.
You kill the gnoll!
The gnoll closely misses you.
Unknown command.
The gnoll hits you with a club.
You die...

#### ###############...
#>g...............
#@#......######...
#.##.###......####
#.................
##.#...........####
#.....#############
#######............†.....
#.....[....##############
#.#####....##......# #.#
####.##......#


You could see a gnoll.

Vanquished Creatures
  Sigmund (D:2)
  A gnoll (D:2)
  2 worms (D:2)
  A dart slug (D:1)
  2 leopard geckos (D:1)
  10 giant cockroaches
  7 goblins
  5 hobgoblins
  13 jackals
  A quokka (D:2)
  4 bats (D:2)
  A frilled lizard (D:1)
  4 kobolds
  5 rats
57 creatures vanquished.

Notes
Turn   | Place    | Note
-------+----------+-------------------------------------------
     0 | D:1      | Amnesiac the Spriggan Wanderer began the quest for the Orb.
     0 | D:1      | Amnesiac set off with: a +2 robe, a +0 hand crossbow, 22 bolts, a scroll of teleportation {!r}, a ration
     0 | D:1      | Reached XP level 1. HP: 10/10 MP: 2/2
   113 | D:1      | Reached XP level 2. HP: 12/14 MP: 3/3
   187 | D:1      | Reached skill level 3 in Crossbows
   670 | D:1      | Reached XP level 3. HP: 17/18 MP: 4/4
  1374 | D:2      | Found a glowing golden altar of the Shining One.
  1451 | D:2      | Reached skill level 4 in Crossbows
  1722 | D:2      | Reached XP level 4. HP: 22/22 MP: 5/5
  1922 | D:2      | Noticed Sigmund
  1965 | D:2      | Killed Sigmund
  1965 | D:2      | Reached skill level 6 in Crossbows
  1965 | D:2      | Reached XP level 5. HP: 20/25 MP: 6/6
  2137 | D:2      | Slain by a gnoll

Vault maps used:
D:1:      minmay_arrival_shoal_huts
D:2:      minmay_roachtagon, lemuel_crystal_altar, dk_noncrumbling_4,
          uniq_sigmund
D:3:      nicolae_dithmenos_through_a_glass_darkly, first_ration,
          minmay_gold_behind_fungi, hangedman_decor_clover_reticule

Skill      XL: |  1  2  3  4 |
---------------+-------------+-----
Crossbows      | 3 4 6 |  6.1
Fighting       | |  1.5
Axes           | |  1.0
Dodging        | |  4.4
Stealth        | |  1.5
Shields        | |  1.0

Action                   |  1- 3 |  4- 6 || total
-------------------------+-------+-------++-------
Melee: Short sword       |    64 |       ||    64
       Mace              |    61 |    17 ||    78
 Fire: Hand crossbow     |    37 |    10 ||    47
  Use: Scroll            |       |     2 ||     2
 Stab: Sleeping          |     5 |     2 ||     7
Armor: Robe              |    25 |     1 ||    26
Dodge: Dodged            |   152 |    12 ||   164

Table legend:
 A = Spawn XP
 B = Non-spawn XP
 C = Spawn XP percentage of total XP
 D = Spawn monster count
 E = Non-spawn monster count
 F = Spawn count percentage of total count
 G = Total turns spent on level
                    A         B        C        D         E        F      G
               +---------+---------+-------+---------+---------+-------+---------
         Total |       0 |     341 |   0.0 |       0 |      57 |   0.0 |  2137
               +---------+---------+-------+---------+---------+-------+---------
           D:1 |       0 |      45 |   0.0 |       0 |      23 |   0.0 |   883
           D:2 |       0 |     296 |   0.0 |       0 |      34 |   0.0 |  1249
               +---------+---------+-------+---------+---------+-------+---------
